Workbook

Sheet Feuil1
A1: Siret | B1: Ape | C1: Nom | D1: Adr1 | E1: Adr2 | F1: CP | G1: Ville | H1: Departement | I1: Base | J1: Observations | K1: Contact | L1: COURRIER | M1: Verseur TA | N1: EnchargedelaTA | O1: Civilité | P1: Nom2 | Q1: Prenom | R1: Poste | S1: TEL_NEW | T1: Téléphone | U1: Column1 | V1: Email Pro | W1: Envoi du Bordereau TA | X1: Gestionnaire | Y1: PHONING | Z1: ACTION TA menée par | AA1: Date action | AB1: Type action | AC1: Interlocuteur | AD1: Résultat action | AE1: Date Prochaine action | AF1: Montant TA | AG1: Commentaires
A2: 78161993700019 | B2: 43 | C2: CORNET ETS | D2: BP 447 | F2: 45300 | G2: PITHIVIERS | H2: 45 | I2: YPAREO IDF | L2: DCR | S2: =VLOOKUP(A:A,Feuil2!E:F,2) -> 02.38.80.00.22 | T2: 02.54.03.62.100 | Y2: CFA IDF
B3: 8 | C3: COTART location et déménagement | D3: 58 RUE BRANLY | F3: 93700 | G3: DRANCY | H3: 93 | I3: YPAREO IDF | L3: DCR | S3: =VLOOKUP(A:A,Feuil2!E:F,2) -> #N/A | T3: 02.54.03.62.101 | Y3: CFA IDF
A4: 30658980500036 | B4: 59 | C4: CPL | D4: 241 Chemin du Loup | F4: 93421 | G4: VILLEPINTE | H4: 93 | I4: YPAREO IDF | L4: DCR | S4: =VLOOKUP(A:A,Feuil2!E:F,2) -> 02.54.03.62.24 | T4: 02.54.03.62.102 | Y4: CFA IDF
A5: 52290767400017 | B5: 2 | C5: CR LOCATION | D5: 1 ROUTE DU BASSIN N°5 | F5: 92230 | G5: GENNEVILLIERS | H5: 92 | I5: YPAREO IDF | L5: DCR | S5: =VLOOKUP(A:A,Feuil2!E:F,2) -> 02.54.60.22.80 | T5: 02.54.03.62.103 | Y5: CFA IDF
A6: 72205695900033 | B6: 33 | C6: CST TRANSPORTS | D6: 29 RUE GAY LUSSAC | F6: 95500 | G6: GONESSE | H6: 95 | I6: YPAREO IDF | L6: DCR | S6: =VLOOKUP(A:A,Feuil2!E:F,2) -> 01.53.78.08.36 | T6: 02.54.03.62.104 | Y6: CFA IDF
A7: 37833146600060 | B7: 3 | C7: CYBERCOMMERCE.FR | D7: 66 rue de Cléry | F7: 75002 | G7: PARIS | H7: 75 | I7: YPAREO IDF | L7: DCR | S7: =VLOOKUP(A:A,Feuil2!E:F,2) -> 02.54.82.41.33 | T7: 02.54.03.62.105 | Y7: CFA IDF
A8: 54665033401279 | B8: 64 | C8: DACHSER FRANCE | D8: ROUTE DE COURTRY | F8: 77270 | G8: VILLEPARISIS | H8: 77 | I8: YPAREO IDF | L8: DCR | S8: =VLOOKUP(A:A,Feuil2!E:F,2) -> 02.54.60.22.80 | T8: 02.54.03.62.106 | Y8: CFA IDF
A9: 54665033401295 | B9: 3107 | C9: DACHSER FRANCE | D9: 3 AVENUE DES FRERES LUMIERE | F9: 95190 | G9: GOUSSAINVILLE | H9: 95 | I9: YPAREO IDF | L9: DCR | S9: =VLOOKUP(A:A,Feuil2!E:F,2) -> 02.54.60.22.80 | T9: 02.54.03.62.107 | Y9: CFA IDF
A10: 54665033401626 | B10: 2 | C10: DACHSER FRANCE LOGISTIQUE | D10: ZI PORTE OUEST - PARC CERGY 8 | F10: 95480 | G10: PIERRELAYE | H10: 95 | I10: YPAREO IDF | L10: DCR | S10: =VLOOKUP(A:A,Feuil2!E:F,2) -> 02.54.60.22.80 | T10: 02.54.03.62.108 | Y10: CFA IDF
A11: 6880305500497 | B11: 114 | C11: DAHER INTERNATIONAL | D11: ZI De Moimont II - BAT E | F11: 95670 | G11: MARLY LA VILLE | H11: 95 | I11: YPAREO IDF | L11: DCR | S11: =VLOOKUP(A:A,Feuil2!E:F,2) -> #N/A | T11: 02.54.03.62.109 | Y11: CFA IDF
A12: 44909757500012 | B12: 46 | C12: DAVIS 28 | D12: Parc Euroval | F12: 28630 | G12: FONTENAY SUR EURE | H12: 28 | I12: YPAREO IDF | L12: DCR | S12: =VLOOKUP(A:A,Feuil2!E:F,2) -> 02.54.60.22.80 | T12: 02.54.03.62.110 | Y12: CFA IDF
A13: 41302718600024 | B13: 100 | C13: DERICHEBOURG ENVIRONNEMENT | D13: ZI Val de Seine | F13: 92396 | G13: VILLENEUVE LA GARENNE CDX | H13: 92 | I13: YPAREO IDF | L13: DCR | S13: =VLOOKUP(A:A,Feuil2!E:F,2) -> 01.64.72.04.05 | T13: 02.54.03.62.111 | Y13: CFA IDF
A14: 41308715600274 | B14: 30 | C14: DERICHEBOURG ENVIRONNEMENT | D14: 138 chemin des Vignes | F14: 93000 | G14: BOBIGNY | H14: 93 | I14: YPAREO IDF | L14: DCR | S14: =VLOOKUP(A:A,Feuil2!E:F,2) -> 01.64.72.04.05 | T14: 02.54.03.62.112 | Y14: CFA IDF
A15: 75004394500021 | B15: 160 | C15: DERICHEBOURG POLYAMON | D15: CHEMIN DES GARDES DU CORPS | F15: 77500 | G15: CHELLES | H15: 77 | I15: YPAREO IDF | L15: DCR | S15: =VLOOKUP(A:A,Feuil2!E:F,2) -> 01.53.78.08.36 | T15: 02.54.03.62.113 | Y15: CFA IDF
... A27: 35600000044427 | B27: 3400 | C27: DOTC PARIS NORD - LA POSTE PDC 19 | D27: 18 BD DE LA CHAPELLE | F27: 75877 | G27: PARIS CEDEX 18 | H27: 75 | I27: YPAREO IDF | L27: DCR | S27: =VLOOKUP(A:A,Feuil2!E:F,2) -> 02.54.82.41.33 | T27: 02.54.03.62.125 | Y27: CFA IDF
A28: 53753319200010 | C28: DOUGY TRANS | D28: 28 BOULEVARD SAINT SAENS | F28: 77185 | G28: LOGNES | H28: 77 | I28: YPAREO IDF | L28: DCR | S28: =VLOOKUP(A:A,Feuil2!E:F,2) -> 02.54.60.22.80 | T28: 02.54.03.62.126 | Y28: CFA IDF
A29: 48353271900018 | B29: 2 | C29: DVI SARL | D29: ZI La Bezardière | F29: 41200 | G29: VILLEFRANCHE SUR CHER | H29: 41 | I29: YPAREO IDF | L29: DCR | S29: =VLOOKUP(A:A,Feuil2!E:F,2) -> 02.54.60.22.80 | T29: 02.54.03.62.127 | Y29: CFA IDF
A30: 44150730800035 | B30: 16 | C30: DYTRANS | D30: 44 RUE MAURICE DE BROGLIE | F30: 93600 | G30: AULNAY SOUS BOIS | H30: 93 | I30: YPAREO IDF | L30: DCR | S30: =VLOOKUP(A:A,Feuil2!E:F,2) -> 01.64.72.04.05 | T30: 02.54.03.62.128 | Y30: CFA IDF
A31: 33094312700051 | B31: 35 | C31: E.S.I | D31: 2 RUE DU MEUNIER | F31: 95700 | G31: ROISSY | H31: 95 | I31: YPAREO IDF | L31: DCR | S31: =VLOOKUP(A:A,Feuil2!E:F,2) -> 02.54.03.62.24 | T31: 02.54.03.62.129 | Y31: CFA IDF
A32: 33094312700044 | B32: 30 | C32: E.S.I | F32: 95700 | G32: ROISSY EN FRANCE | H32: 95 | I32: YPAREO IDF | L32: DCR | S32: =VLOOKUP(A:A,Feuil2!E:F,2) -> 02.54.03.62.24 | T32: 02.54.03.62.130 | Y32: CFA IDF
A33: 54204053000132 | B33: 210 | C33: EAU ET FORCE | D33: 1 RUE DES GRANDS PRES | F33: 92000 | G33: NANTERRE | H33: 92 | I33: YPAREO IDF | L33: DCR | S33: =VLOOKUP(A:A,Feuil2!E:F,2) -> 02.54.60.22.80 | T33: 02.54.03.62.131 | Y33: CFA IDF
A34: 67201002200032 | B34: 34 | C34: EAU ET VAPEUR SAS | D34: 2 RUE CHARLES CHRISTOFLE | F34: 93200 | G34: SAINT DENIS | H34: 93 | I34: YPAREO IDF | L34: DCR | S34: =VLOOKUP(A:A,Feuil2!E:F,2) -> 01.53.78.08.36 | T34: 02.54.03.62.132 | Y34: CFA IDF
A35: 44404716100039 | B35: 14 | C35: ECOLOTRANS | D35: 65 RUE BARON LE ROY | F35: 75019 | G35: PARIS | H35: 75 | I35: YPAREO IDF | L35: DCR | S35: =VLOOKUP(A:A,Feuil2!E:F,2) -> 01.64.72.04.05 | T35: 02.54.03.62.133 | Y35: CFA IDF
A36: 54208590700013 | B36: 177 | C36: ECONOMAT DES ARMEES | D36: 26 RUE DELIZY | F36: 93500 | G36: PANTIN | H36: 93 | I36: YPAREO IDF | L36: DCR | S36: =VLOOKUP(A:A,Feuil2!E:F,2) -> 02.54.60.22.80 | T36: 02.54.03.62.134 | Y36: CFA IDF
A37: 55208131740097 | B37: 927 | C37: EDF DPI | D37: 35 RUE DE GENEVE | F37: 93120 | G37: LA COURNEUVE | H37: 93 | I37: YPAREO IDF | L37: DCR | S37: =VLOOKUP(A:A,Feuil2!E:F,2) -> 02.54.60.22.80 | T37: 02.54.03.62.135 | Y37: CFA IDF
A38: 52918662900018 | B38: 1 | C38: EM classe services | D38: 113 RUE D ESTIENNE D ORVES | F38: 93110 | G38: ROSNY SOUS BOIS | H38: 93 | I38: YPAREO IDF | L38: DCR | S38: =VLOOKUP(A:A,Feuil2!E:F,2) -> 02.54.60.22.80 | T38: 02.54.03.62.136 | Y38: CFA IDF
A39: 44460844211015 | B39: 374 | C39: ERDF | D39: 9 RUE DES OZIERS BAT B | F39: 95583 | G39: SAINT OUEN L'AUMONE | H39: 95 | I39: YPAREO IDF | L39: DCR | S39: =VLOOKUP(A:A,Feuil2!E:F,2) -> 01.64.72.04.05 | T39: 02.54.03.62.137 | Y39: CFA IDF
A40: 30678243400154 | B40: 0 | C40: ESPACE VI 77 | D40: 6, rue de Villevaudé | F40: 77270 | G40: VILLEPARISIS | H40: 77 | I40: YPAREO IDF | L40: DCR | S40: =VLOOKUP(A:A,Feuil2!E:F,2) -> 02.54.03.62.24 | T40: 02.54.03.62.138 | Y40: CFA IDF
A41: 47835575300011 | B41: 126 | C41: ETAM LINGERIE | D41: 57-59 HENRI BARBUSSE | F41: 92614 | G41: CLICHY | H41: 92 | I41: YPAREO IDF | L41: DCR | S41: =VLOOKUP(A:A,Feuil2!E:F,2) -> 02.54.60.22.80 | T41: 02.54.03.62.139 | Y41: CFA IDF
A42: 32729920200025 | B42: 30 | C42: ETPS | D42: ZI Les Châtaigniers II | F42: 95150 | G42: TAVERNY | H42: 95 | I42: YPAREO IDF | L42: DCR | S42: =VLOOKUP(A:A,Feuil2!E:F,2) -> 02.54.03.62.24 | T42: 02.54.03.62.140 | Y42: CFA IDF
A43: 32072409900025 | B43: 9 | C43: ETS HUBERT YVES | D43: ZONE INDUSTRIELLE - BP N° 20 | F43: 28800 | G43: BONNEVAL | H43: 28 | I43: YPAREO IDF | L43: DCR | S43: =VLOOKUP(A:A,Feuil2!E:F,2) -> 02.54.03.62.24 | T43: 02.54.03.62.141 | Y43: CFA IDF
A44: 30409592000035 | B44: 27 | C44: ETS SERVAES | D44: 1 CHEMIN DE SAINT PRIX | F44: 95270 | G44: BELLOY EN FRANCE | H44: 95 | I44: YPAREO IDF | L44: DCR | S44: =VLOOKUP(A:A,Feuil2!E:F,2) -> 02.54.03.62.24 | T44: 02.54.03.62.142 | Y44: CFA IDF
A45: 48089065600162 | C45: EURO CARGO RAIL | D45: 25 PLACE DE LA MADELEINE | F45: 75008 | G45: PARIS | H45: 75 | I45: YPAREO IDF | L45: DCR | S45: =VLOOKUP(A:A,Feuil2!E:F,2) -> 02.54.60.22.80 | T45: 02.54.03.62.143 | Y45: CFA IDF
A46: 33822057700021 | B46: 13 | C46: EURO POIDS LOURDS OUEST | D46: RN 10 | F46: 28630 | G46: NOGENT LE PHAYE | H46: 28 | I46: YPAREO IDF | L46: DCR | S46: =VLOOKUP(A:A,Feuil2!E:F,2) -> 02.54.03.62.24 | T46: 02.54.03.62.144 | Y46: CFA IDF
A47: 35238371500039 | B47: 100 | C47: EUROCOPTER | D47: 2 À 20 AVENUE MARCEL CACHIN | F47: 93123 | G47: LA COURNEUVE | H47: 93 | I47: YPAREO IDF | L47: DCR | S47: =VLOOKUP(A:A,Feuil2!E:F,2) -> 02.54.82.41.33 | T47: 02.54.03.62.145 | Y47: CFA IDF
A48: 33006588900082 | B48: 49 | C48: EUROFLASH DEMENAGEMENTS | D48: 7 RUE MAURICE PAILLARD | F48: 93430 | G48: VILLETANEUSE | H48: 93 | I48: YPAREO IDF | L48: DCR | S48: =VLOOKUP(A:A,Feuil2!E:F,2) -> 02.54.03.62.24 | T48: 02.54.03.62.146 | Y48: CFA IDF
B49: 33 | C49: EVIDENCE MOBILIERS | D49: ZI DE LA PRAIRIE | F49: 91958 | G49: VILLEBON SUR YVETTE | H49: 91 | I49: YPAREO IDF | L49: DCR | S49: =VLOOKUP(A:A,Feuil2!E:F,2) -> #N/A | T49: 02.54.03.62.147 | Y49: CFA IDF
A50: 34250248100019 | B50: 49 | C50: FAL Industrie | D50: 9 RUE DE LA BRIQUETERIE | F50: 95380 | G50: LOUVRES | H50: 95 | I50: YPAREO IDF | L50: DCR | S50: =VLOOKUP(A:A,Feuil2!E:F,2) -> 02.54.82.41.33 | T50: 02.54.03.62.148 | Y50: CFA IDF
A51: 53887410800011 | B51: 2 | C51: FAST-COURSES | D51: 28 RUE HENRI FARMANN | F51: 93290 | G51: TREMBLAY EN FRANCE | H51: 93 | I51: YPAREO IDF | L51: DCR | S51: =VLOOKUP(A:A,Feuil2!E:F,2) -> 02.54.60.22.80 | T51: 02.54.03.62.149 | Y51: CFA IDF
A52: 39316243300097 | B52: 872 | C52: FAURECIA SIEGES D'AUTOMOBILES | D52: ZI DE BRIERES LES SCELLES | F52: 91152 | G52: ETAMPES CEDEX | H52: 91 | I52: YPAREO IDF | L52: DCR | S52: =VLOOKUP(A:A,Feuil2!E:F,2) -> 02.54.82.41.33 | T52: 02.54.03.62.150 | Y52: CFA IDF
A53: 42233534900060 | B53: 190 | C53: FDE | D53: 4 RUE RENÉ CASSIN | F53: 77290 | G53: MITRY MORY | H53: 77 | I53: YPAREO IDF | L53: DCR | S53: =VLOOKUP(A:A,Feuil2!E:F,2) -> 01.64.72.04.05 | T53: 02.54.03.62.151 | Y53: CFA IDF
A54: 41924912300029 | B54: 43 | C54: FEBI France | D54: 5 VILLAGE D'ENTREPRISES | F54: 78690 | G54: EPONE | H54: 78 | I54: YPAREO IDF | L54: DCR | S54: =VLOOKUP(A:A,Feuil2!E:F,2) -> 01.64.72.04.05 | T54: 02.54.03.62.152 | Y54: CFA IDF
A55: 36780140400305 | B55: 265 | C55: FM LOGISTICS STE | D55: ZAE Le Point du Jour | F55: 45170 | G55: NEUVILLE AUX BOIS | H55: 45 | I55: YPAREO IDF | L55: DCR | S55: =VLOOKUP(A:A,Feuil2!E:F,2) -> 02.54.82.41.33 | T55: 02.54.03.62.153 | Y55: CFA IDF
A56: 31648669500034 | B56: 41 | C56: FOSELEV SOFREQUIP | D56: 4-6 RUE EUGENE FREYSSINET | F56: 77500 | G56: CHELLES | H56: 77 | I56: YPAREO IDF | L56: DCR | S56: =VLOOKUP(A:A,Feuil2!E:F,2) -> 02.54.03.62.24 | T56: 02.54.03.62.154 | Y56: CFA IDF
A57: 43369920400064 | B57: 41 | C57: FRADENA Transport | D57: 3 AVENUE MARCELIN BERTHELOT | F57: 92396 | G57: VILLENEUVE LA GARENNE | H57: 92 | I57: YPAREO IDF | L57: DCR | S57: =VLOOKUP(A:A,Feuil2!E:F,2) -> 01.64.72.04.05 | T57: 02.54.03.62.155 | Y57: CFA IDF
A58: 34386265201460 | B58: 1299 | C58: FRAIKIN LOCAMION | D58: Rue Robert Moinon | F58: 95190 | G58: GOUSSAINVILLE | H58: 95 | I58: YPAREO IDF | L58: DCR | S58: =VLOOKUP(A:A,Feuil2!E:F,2) -> 02.54.82.41.33 | T58: 02.54.03.62.156 | Y58: CFA IDF
A59: 35246699900021 | B59: 0 | C59: FRANCE CARGO INTERNATIONAL | D59: 17 avenue Marc Sangnier | F59: 92390 | G59: VILLENEUVE LA GARENNE | H59: 92 | I59: YPAREO IDF | L59: DCR | S59: =VLOOKUP(A:A,Feuil2!E:F,2) -> 02.54.82.41.33 | T59: 02.54.03.62.157 | Y59: CFA IDF
A60: 39015084500035 | B60: 15 | C60: FRANCE CARGO SYSTEMS | D60: 12, avenue de la patelle | F60: 95617 | G60: CERGY PONTOISE | H60: 95 | I60: YPAREO IDF | L60: DCR | S60: =VLOOKUP(A:A,Feuil2!E:F,2) -> 02.54.82.41.33 | T60: 02.54.03.62.158 | Y60: CFA IDF
B61: 948 | C61: FRANCE HANDLING | D61: 10 RUE DU PAVE BP 19361 | F61: 95702 | G61: ROISSY | H61: 95 | I61: YPAREO IDF | L61: DCR | S61: =VLOOKUP(A:A,Feuil2!E:F,2) -> #N/A | T61: 02.54.03.62.159 | Y61: CFA IDF
A62: 35069664700030 | B62: 15 | C62: GAEL | D62: CHARLES DE GAULLE | F62: 77722 | G62: MORMANT CEDEX | H62: 77 | I62: YPAREO IDF | L62: DCR | S62: =VLOOKUP(A:A,Feuil2!E:F,2) -> 02.54.82.41.33 | T62: 02.54.03.62.160 | Y62: CFA IDF
A63: 38173529900012 | B63: 8 | C63: GARAGE DE LA CROISIERE | D63: 38 Avenue du Maréchal Leclerc | F63: 77460 | G63: SOUPPES SUR LOING | H63: 77 | I63: YPAREO IDF | L63: DCR | S63: =VLOOKUP(A:A,Feuil2!E:F,2) -> 02.54.82.41.33 | T63: 02.54.03.62.161 | Y63: CFA IDF
A64: 35084066600027 | B64: 6 | C64: GARAGE DE LA VARENNE | D64: ZAC les Hautes Varennes | F64: 94470 | G64: BOISSY ST LEGER | H64: 94 | I64: YPAREO IDF | L64: DCR | S64: =VLOOKUP(A:A,Feuil2!E:F,2) -> 02.54.82.41.33 | T64: 02.54.03.62.162 | Y64: CFA IDF
A65: 43479870800013 | B65: 2 | C65: GARAGE DES VALLEES SARL | D65: 8 route des Vallées | F65: 45300 | G65: ASCOUX | H65: 45 | I65: YPAREO IDF | L65: DCR | S65: =VLOOKUP(A:A,Feuil2!E:F,2) -> 01.64.72.04.05 | T65: 02.54.03.62.163 | Y65: CFA IDF
A66: 55214171500029 | B66: 6 | C66: GARAGE LECUYER | D66: 4 rue Berthelot - Zone Industrielle | F66: 95500 | G66: GONESSE | H66: 95 | I66: YPAREO IDF | L66: DCR | S66: =VLOOKUP(A:A,Feuil2!E:F,2) -> 02.54.60.22.80 | T66: 02.54.03.62.164 | Y66: CFA IDF
A67: 34175367100013 | B67: 48 | C67: GARAGE MALARD S.A. | D67: 81 Route Nationale | F67: 41260 | G67: LA CHAUSSEE SAINT VICTOR | H67: 41 | I67: YPAREO IDF | L67: DCR | S67: =VLOOKUP(A:A,Feuil2!E:F,2) -> 01.30.77.30.77 | T67: 02.54.03.62.165 | Y67: CFA IDF
B68: 10 | C68: GARAGE VERMILLET | D68: RN 17 | F68: 95380 | G68: VILLERON | H68: 95 | I68: YPAREO IDF | L68: DCR | S68: =VLOOKUP(A:A,Feuil2!E:F,2) -> #N/A | T68: 02.54.03.62.166 | Y68: CFA IDF
A69: 54205031501299 | B69: 222 | C69: GEFCO | D69: 134-190 rue des Caboeufs | F69: 92231 | G69: GENNEVILLIERS | H69: 92 | I69: YPAREO IDF | L69: DCR | S69: =VLOOKUP(A:A,Feuil2!E:F,2) -> 02.54.60.22.80 | T69: 02.54.03.62.167 | Y69: CFA IDF
A70: 54205031500481 | B70: 778 | C70: GEFCO | D70: 77/81 rue des Lilas d'Espagne | F70: 92026 | G70: COURBEVOIE | H70: 92 | I70: YPAREO IDF | L70: DCR | S70: =VLOOKUP(A:A,Feuil2!E:F,2) -> 02.54.60.22.80 | T70: 02.54.03.62.168 | Y70: CFA IDF
A71: 54205031501943 | B71: 805 | C71: GEFCO | D71: 80 AVENUE DU GAL DE GAULLE | F71: 92800 | G71: PUTEAUX | H71: 92 | I71: YPAREO IDF | L71: DCR | S71: =VLOOKUP(A:A,Feuil2!E:F,2) -> 02.54.60.22.80 | T71: 02.54.03.62.169 | Y71: CFA IDF
A72: 54205031501869 | B72: 65 | C72: GEFCO ROISSY | D72: 16 rue des Lièvres | F72: 95957 | G72: ROISSY CDG | H72: 95 | I72: YPAREO IDF | L72: DCR | S72: =VLOOKUP(A:A,Feuil2!E:F,2) -> 02.54.60.22.80 | T72: 02.54.03.62.170 | Y72: CFA IDF
A73: 40231646700040 | B73: 270 | C73: GEODIS INTERSERVICES | D73: 7/9 ALLEES DE L'EUROPE | F73: 92615 | G73: CLICHY | H73: 92 | I73: YPAREO IDF | L73: DCR | S73: =VLOOKUP(A:A,Feuil2!E:F,2) -> 0 | T73: 02.54.03.62.171 | Y73: CFA IDF
A74: 37931322400048 | B74: 51 | C74: GF SERVICES | D74: 4 RUE LE NOTRE | F74: 95190 | G74: GOUSSAINVILLE | H74: 95 | I74: YPAREO IDF | L74: DCR | S74: =VLOOKUP(A:A,Feuil2!E:F,2) -> 02.54.82.41.33 | T74: 02.54.03.62.172 | Y74: CFA IDF
A75: 49100887600014 | B75: 91 | C75: GHESTEM | D75: 34 rue Louis Chevais | F75: 41240 | G75: OUZOUER LE MARCHE | H75: 41 | I75: YPAREO IDF | L75: DCR | S75: =VLOOKUP(A:A,Feuil2!E:F,2) -> 02.54.60.22.80 | T75: 02.54.03.62.173 | Y75: CFA IDF
A76: 33159361600039 | B76: 63 | C76: GIDOIN TRANSPORTS | D76: RUE MAURICE BERTEAUX | F76: 95500 | G76: LE THILLAY | H76: 95 | I76: YPAREO IDF | L76: DCR | S76: =VLOOKUP(A:A,Feuil2!E:F,2) -> 02.54.03.62.24 | T76: 02.54.03.62.174 | Y76: CFA IDF
A77: 39927520500017 | B77: 15 | C77: GIE LOGISEINE | D77: ROUTE DU BASSIN N°1 | F77: 92631 | G77: GENNEVILLIERS | H77: 92 | I77: YPAREO IDF | L77: DCR | S77: =VLOOKUP(A:A,Feuil2!E:F,2) -> 02.54.82.41.33 | T77: 02.54.03.62.175 | Y77: CFA IDF
A78: 38066523200027 | C78: GIE U.F.P. | D78: 17 RUE DU PRESSENSÉ | F78: 93210 | G78: LA PLAINE ST DENIS | H78: 93 | I78: YPAREO IDF | L78: DCR | S78: =VLOOKUP(A:A,Feuil2!E:F,2) -> 02.54.82.41.33 | T78: 02.54.03.62.176 | Y78: CFA IDF
A79: 52998389200017 | C79: GLOBAL TRANSPORT LOGISTIQUE G.T.L | D79: 20, RUE DES BACONNETS | F79: 92160 | G79: ANTONY | H79: 92 | I79: YPAREO IDF | L79: DCR | S79: =VLOOKUP(A:A,Feuil2!E:F,2) -> 02.54.60.22.80 | T79: 02.54.03.62.177 | Y79: CFA IDF
A80: 34270642100076 | B80: 0 | C80: GLOBE EXPRESS | D80: ZI Fosse à la Barbière | F80: 93600 | G80: AULNAY SOUS BOIS | H80: 93 | I80: YPAREO IDF | L80: DCR | S80: =VLOOKUP(A:A,Feuil2!E:F,2) -> 02.54.82.41.33 | T80: 02.54.03.62.178 | Y80: CFA IDF
A81: 3830217710027 | B81: 7 | C81: GMS INTERVENTIONS | D81: rue Clément Ader | F81: 91700 | G81: FLEURY MEROGIS | H81: 91 | I81: YPAREO IDF | L81: DCR | S81: =VLOOKUP(A:A,Feuil2!E:F,2) -> #N/A | T81: 02.54.03.62.179 | Y81: CFA IDF
A82: 54665033400156 | B82: 0 | C82: GRAVELEAU | D82: BAT 4 | F82: 95476 | G82: VEMARS CEDEX | H82: 95 | I82: YPAREO IDF | L82: DCR | S82: =VLOOKUP(A:A,Feuil2!E:F,2) -> 02.54.60.22.80 | T82: 02.54.03.62.180 | Y82: CFA IDF
A83: 44011762001530 | B83: 3280 | C83: GRTgaz | D83: 7 RUE DU 19 MARS 1962 | F83: 92230 | G83: GENNEVILLIERS | H83: 92 | I83: YPAREO IDF | L83: DCR | S83: =VLOOKUP(A:A,Feuil2!E:F,2) -> 01.64.72.04.05 | T83: 02.54.03.62.181 | Y83: CFA IDF
A84: 30554567500038 | B84: 65 | C84: GS1 France | D84: 2 RUE MAURICE HARTMANN | F84: 92130 | G84: ISSY LES MOULINEAUX | H84: 92 | I84: YPAREO IDF | L84: DCR | S84: =VLOOKUP(A:A,Feuil2!E:F,2) -> 02.54.03.62.24 | T84: 02.54.03.62.182 | Y84: CFA IDF
A85: 37833114400030 | B85: 115 | C85: HELI UNION | D85: AERODROME DE TOUSSUS LE NOBLE | F85: 78117 | G85: CHATEAUFORT | H85: 78 | I85: YPAREO IDF | L85: DCR | S85: =VLOOKUP(A:A,Feuil2!E:F,2) -> 02.54.82.41.33 | T85: 02.54.03.62.183 | Y85: CFA IDF
A86: 76980020201044 | B86: 17 | C86: HEPPNER | D86: MONBARY - ZA PÔLE 45 | F86: 45140 | G86: ORMES | H86: 45 | I86: YPAREO IDF | L86: DCR | S86: =VLOOKUP(A:A,Feuil2!E:F,2) -> 02.54.43.75.75 | T86: 02.54.03.62.184 | Y86: CFA IDF
A87: 76980020200665 | B87: 40 | C87: HEPPNER | D87: ZAC DE BETHUNE | F87: 93400 | G87: SAINT OUEN | H87: 93 | I87: YPAREO IDF | L87: DCR | S87: =VLOOKUP(A:A,Feuil2!E:F,2) -> 01.39.09.48.19 | T87: 02.54.03.62.185 | Y87: CFA IDF
A88: 76980020200533 | B88: 174 | C88: HEPPNER | D88: 3 RUE D'ARSONVAL | F88: 95500 | G88: GONESSE | H88: 95 | I88: YPAREO IDF | L88: DCR | S88: =VLOOKUP(A:A,Feuil2!E:F,2) -> 01.53.78.08.36 | T88: 02.54.03.62.186 | Y88: CFA IDF
A89: 76980020201036 | B89: 170 | C89: HEPPNER | D89: 7 AVENUE DES MORILLONS | F89: 95140 | G89: GARGES LES GONESSE | H89: 95 | I89: YPAREO IDF | L89: DCR | S89: =VLOOKUP(A:A,Feuil2!E:F,2) -> 02.54.43.75.75 | T89: 02.54.03.62.187 | Y89: CFA IDF
A90: 50038538000026 | B90: 90 | C90: HOUARI TRANSPORT | D90: 24 rue Emile Leconte | F90: 45140 | G90: INGRE | H90: 45 | I90: YPAREO IDF | L90: DCR | S90: =VLOOKUP(A:A,Feuil2!E:F,2) -> 02.54.60.22.80 | T90: 02.54.03.62.188 | Y90: CFA IDF
A91: 54203575300020 | B91: 424 | C91: HUTCHINSON LE JOINT FRANCAIS | D91: 84-116 RUE SALVADORE ALLENDE | F91: 95870 | G91: BEZONS | H91: 95 | I91: YPAREO IDF | L91: DCR | S91: =VLOOKUP(A:A,Feuil2!E:F,2) -> 02.54.60.22.80 | T91: 02.54.03.62.189 | Y91: CFA IDF
... A109: 33358346601001 | B109: 133 | C109: KUEHNE+NAGEL AGENCE 27 | D109: 1 BD ARAGO | F109: 91320 | G109: WISSOUS | H109: 91 | I109: YPAREO IDF | L109: DCR | S109: =VLOOKUP(A:A,Feuil2!E:F,2) -> 02.54.03.62.24 | T109: 02.54.03.62.207 | Y109: CFA IDF
B110: 19 | C110: La Halle Laitière | D110: 1 AV DU BEAUMONTOIR | F110: 95380 | G110: LOUVRES | H110: 95 | I110: YPAREO IDF | L110: DCR | S110: =VLOOKUP(A:A,Feuil2!E:F,2) -> #N/A | T110: 02.54.03.62.208 | Y110: CFA IDF
A111: 57216906800010 | B111: 145 | C111: La Moderne | D111: 169 AVENUE HENRI RAVERA | F111: 92220 | G111: BAGNEUX | H111: 92 | I111: YPAREO IDF | L111: DCR | S111: =VLOOKUP(A:A,Feuil2!E:F,2) -> 02.54.60.22.80 | T111: 02.54.03.62.209 | Y111: CFA IDF
A112: 35600011718976 | B112: 48000 | C112: LA POSTE | D112: 6 RUE FRANCOIS BONVIN | F112: 75737 | G112: PARIS 15 | H112: 75 | I112: YPAREO IDF | L112: DCR | S112: =VLOOKUP(A:A,Feuil2!E:F,2) -> 02.54.82.41.33 | T112: 02.54.03.62.210 | Y112: CFA IDF
A113: 35600011799851 | B113: 2645 | C113: LA POSTE | D113: ZI MITRY MORY COMPANS | F113: 77293 | G113: MITRY MORY CEDEX | H113: 77 | I113: YPAREO IDF | L113: DCR | S113: =VLOOKUP(A:A,Feuil2!E:F,2) -> 02.54.82.41.33 | T113: 02.54.03.62.211 | Y113: CFA IDF
A114: 35600000042028 | B114: 1800 | C114: LA POSTE - COLIPOSTE | D114: 2 Ter Rue Louis Armand | F114: 75741 | G114: PARIS CEDEX | H114: 75 | I114: YPAREO IDF | L114: DCR | S114: =VLOOKUP(A:A,Feuil2!E:F,2) -> 02.54.82.41.33 | T114: 02.54.03.62.212 | Y114: CFA IDF
A115: 35600011713670 | B115: 245 | C115: LA POSTE - COLIPOSTE | D115: 27 Route Principale du Port CE 282 | F115: 92637 | G115: GENNEVILLIERS CEDEX | H115: 92 | I115: YPAREO IDF | L115: DCR | S115: =VLOOKUP(A:A,Feuil2!E:F,2) -> 02.54.82.41.33 | T115: 02.54.03.62.213 | Y115: CFA IDF
A116: 35600000052801 | B116: 246057 | C116: LA POSTE - DOCT VAL D'OISE | D116: 7 PLACE DES CERCLADES | F116: 95011 | G116: CERGY PONTOISE | H116: 95 | I116: YPAREO IDF | L116: DCR | S116: =VLOOKUP(A:A,Feuil2!E:F,2) -> 02.54.82.41.33 | T116: 02.54.03.62.214 | Y116: CFA IDF
B117: 1800 | C117: LA POSTE COLIPOSTE | D117: GARONOR | F117: 93600 | G117: AULNAY SOUS BOIS | H117: 93 | I117: YPAREO IDF | L117: DCR | S117: =VLOOKUP(A:A,Feuil2!E:F,2) -> #N/A | T117: 02.54.03.62.215 | Y117: CFA IDF
A118: 35600011718216 | B118: 2645 | C118: LA POSTE DRL DDI | D118: 7 RUE DU HAUT LAVAL | F118: 95724 | G118: ROISSY CHARLES DE GAULLE CEDEX | H118: 95 | I118: YPAREO IDF | L118: DCR | S118: =VLOOKUP(A:A,Feuil2!E:F,2) -> 02.54.82.41.33 | T118: 02.54.03.62.216 | Y118: CFA IDF
A119: 35600000049891 | B119: 246057 | C119: LA POSTE DRL ROISSY PIAC | D119: ZONE DE FRET 7 | F119: 95701 | G119: ROISSY CDG CEDEX | H119: 95 | I119: YPAREO IDF | L119: DCR | S119: =VLOOKUP(A:A,Feuil2!E:F,2) -> 02.54.82.41.33 | T119: 02.54.03.62.217 | Y119: CFA IDF
A120: 35600011735392 | B120: 150 | C120: LA POSTE GONESSE TIM | D120: 108 AV DE LA PLAINE DE FRANCE | F120: 95950 | G120: ROISSY CDG CEDEX | H120: 95 | I120: YPAREO IDF | L120: DCR | S120: =VLOOKUP(A:A,Feuil2!E:F,2) -> 02.54.82.41.33 | T120: 02.54.03.62.218 | Y120: CFA IDF
A121: 35600011715378 | C121: La Poste Gonesse TIM | D121: 122 AV DE LA PLAINE DE FRANCE | F121: 95950 | G121: ROISSY CDG CEDEX 2 | H121: 95 | I121: YPAREO IDF | L121: DCR | S121: =VLOOKUP(A:A,Feuil2!E:F,2) -> 02.54.82.41.33 | T121: 02.54.03.62.219 | Y121: CFA IDF
A122: 31232836200040 | B122: 240 | C122: LABORATOIRES COLOPLAST | D122: 6 Rue de Rome | F122: 93561 | G122: ROSNY SOUS BOIS | H122: 93 | I122: YPAREO IDF | L122: DCR | S122: =VLOOKUP(A:A,Feuil2!E:F,2) -> 02.54.03.62.24 | T122: 02.54.03.62.220 | Y122: CFA IDF
A123: 49500485500013 | B123: 1 | C123: LABORATOIRES SCIENCE ET EQUILIBRE | D123: 66 rue de Cléry | F123: 75002 | G123: PARIS | H123: 75 | I123: YPAREO IDF | L123: DCR | S123: =VLOOKUP(A:A,Feuil2!E:F,2) -> 02.54.60.22.80 | T123: 02.54.03.62.221 | Y123: CFA IDF
A124: 44484889900019 | B124: 8 | C124: LE POIDS LOURD 95 - AG SERVICE IVECO | D124: 6 rue Chauvart | F124: 95500 | G124: GONESSE | H124: 95 | I124: YPAREO IDF | L124: DCR | S124: =VLOOKUP(A:A,Feuil2!E:F,2) -> 01.64.72.04.05 | T124: 02.54.03.62.222 | Y124: CFA IDF
A125: 80672037100095 | B125: 22 | C125: LECOQ GROUPE SA | D125: Soblema | F125: 41330 | G125: AVERDON | H125: 41 | I125: YPAREO IDF | L125: DCR | S125: =VLOOKUP(A:A,Feuil2!E:F,2) -> 04.74.94.41.12 | T125: 02.54.03.62.223 | Y125: CFA IDF
A126: 42867472500018 | B126: 386 | C126: LEGENDRE SA | D126: La Petite Noue | F126: 28330 | G126: LA BAZOCHE GOUET | H126: 28 | I126: YPAREO IDF | L126: DCR | S126: =VLOOKUP(A:A,Feuil2!E:F,2) -> 01.64.72.04.05 | T126: 02.54.03.62.224 | Y126: CFA IDF
A127: 50228418500019 | B127: 7 | C127: LES ARTISANS COURSIERS | D127: 5 RUE MONDETOUR | F127: 91320 | G127: WISSOUS | H127: 91 | I127: YPAREO IDF | L127: DCR | S127: =VLOOKUP(A:A,Feuil2!E:F,2) -> 02.54.60.22.80 | T127: 02.54.03.62.225 | Y127: CFA IDF
A128: 78005389800042 | B128: 220 | C128: LES CARS LACROIX | D128: 53-55 Chaussé Jules César | F128: 95250 | G128: BEAUCHAMP | H128: 95 | I128: YPAREO IDF | L128: DCR | S128: =VLOOKUP(A:A,Feuil2!E:F,2) -> 02.38.80.00.22 | T128: 02.54.03.62.226 | Y128: CFA IDF
...

Sheet Feuil2
A1: NOM_ENTREPRISE | B1: NOM_CONVENTION_COLLECTIVE | C1: CODE_NAF_2008_ENTREPRISE | D1: EFFECTIF_ENTREPRISE | E1: SIRET_ENTREPRISE | F1: TELEPHONE_ENTREPRISE | G1: ADR1_ENTREPRISE | H1: CP_ENTREPRISE | I1: VILLE_ENTREPRISE | J1: CIVILITE_RESPONSABLE_ENTREPRIS | K1: NOM_RESPONSABLE_ENTREPRISE | L1: PRENOM_RESPONSABLE_ENTREPRISE
A2: 12EME BASE DE SOUTIEN DU MATERIEL | C2: 0000Z | D2: 0 | E2: 18360065900019 | F2: 02.54.03.62.24 | G2: ROUTE DU CAMP | H2: 36100 | I2: NEUVY PAILLOUX
A3: AB AUTO | G3: 28 ZVENUE LENINE | H3: 93380 | I3: PIERREFITTE SUR SEINE
A4: ABCD INTERNATIONAL | B4: Convention collective des ouvriers, employés, techniciens et agents de maîtrise des industries métallurgiques, mécaniques et connexes de la région parisienne | C4: 2511Z | D4: 70 | E4: 39177888300069 | F4: 01.69.02.44.00 | G4: 4-6 RUE DES CARRIERS ITALIENS | H4: 91350 | I4: GRIGNY
A5: ACTI FRET | B5: Convention collective nationale des transports routiers et activités auxiliaires du transport | C5: 5229B | D5: 6 | E5: 38845168400061 | F5: 01.78.78.72.78 | G5: 14 PLACE GEORGES POMPIDOU | H5: 93160 | I5: NOISY LE GRAND
A6: AD PL PAC 95 | B6: Convention collective nationale des commerces de gros | C6: 4531Z | D6: 27 | E6: 31549327000187 | F6: 01.34.04.15.15 | G6: 2 RUE DE LA FOSSE GUERIN | H6: 95200 | I6: SARCELLES
A7: ADC | B7: Convention collective des ouvriers, employés, techniciens et agents de maîtrise des industries métallurgiques, mécaniques et connexes de la région parisienne | C7: 4673A | D7: 19 | E7: 50204810100013 | F7: 01.39.33.18.66 | G7: 14 rue Jacques Robert | H7: 95500 | I7: LE THILLAY
A8: ADEXCEL | D8: 3030 | E8: 50257814900051 | F8: 01.39.33.35.30 | G8: 32 RUE GUSTAVE EIFFEL | H8: 95190 | I8: GOUSSAINVILLE
A9: AFFRETEMENTS LOTS MARCHANDISES | B9: Convention collective nationale des transports routiers et activités auxiliaires du transport | C9: 5210B | D9: 3 | E9: 38782926000026 | F9: 03.20.32.70.00 | G9: 4 RUE DE LORIVAL | H9: 59472 | I9: SECLIN
A10: AFIBEL SA | B10: Convention collective nationale des entreprises de vente à distance | C10: 5229B | E10: 31436004100102 | F10: 03.20.41.56.40 | G10: RUE DU GRAND RUAGE | H10: 59493 | I10: VILLENEUVE D'ASCQ
A11: AGC AUTOMOTIVE EUROPE | C11: 4791B | D11: 266 | E11: 72204385800082 | F11: 03.27.93.62.23 | G11: Rue de la Verrerie d'En Bas | H11: 59580 | I11: ANICHE
A12: AGEFIPH | C12: 2311Z | E12: 34995887600188 | F12: 08.11.37.38.39 | G12: 192-198 AVENUE ARISTIDE BRIAND | H12: 92220 | I12: BAGNEUX | J12: Madame | K12: ALVAREZ | L12: Olga
A13: AIR LIQUIDE | E13: 55209628100415 | F13: 04.72.09.29.88 | G13: 2 RUE DU SAUZET | H13: 69320 | I13: FEYZIN | J13: Messieurs | K13: PICHOTIN | L13: Valérie
A14: AIRCELLE GROUPE SAFRAN | B14: Convention collective des ouvriers, employés, techniciens et agents de maîtrise des industries métallurgiques, mécaniques et connexes de la région parisienne | C14: 2011Z | D14: 2000 | E14: 35205051200057 | F14: 01.30.07.95.09 | G14: 50 RUE PIERRE CURIE | H14: 78370 | I14: PLAISIR | J14: Monsieur | K14: CROZIER | L14: Emmanuel
A15: AKORE SAS | C15: 3030Z | D15: 8 | E15: 34751028100020 | F15: 01.30.37.18.32 | G15: 9 CHAUSSEE JULES CESAR | H15: 95520 | I15: OSNY
A16: ALCATEL LUCENT FRANCE | B16: Convention collective des ouvriers, employés, techniciens et agents de maîtrise des industries métallurgiques, mécaniques et connexes de la région parisienne | C16: 7112B | D16: 2150 | E16: 33896638500449 | F16: 01.30.77.30.77 | G16: 7/9 AVENUE MORANE SAULNIER | H16: 78140 | I16: VELIZY
A17: ALCATEL LUCENT SUBMARINE NETWORKS | B17: Convention collective des ouvriers, employés, techniciens et agents de maîtrise des industries métallurgiques, mécaniques et connexes de la région parisienne | C17: 2630Z | D17: 287 | E17: 38953425600034 | F17: 01.30.77.30.77 | G17: ROUTE DE VILLEJUST | H17: 91620 | I17: NOZAY
A18: ALDI MARCHE BOIS GRENIER SARL | C18: 2630Z | D18: 458 | E18: 40309364400033 | F18: 03.20.17.59.00 | G18: Rue Louis Pasteur | H18: 59280 | I18: BOIS-GRENIER
A19: ALEX-D DEMENAGEMENT | C19: 4711D | E19: 52242570100011 | G19: 4 RUE DU BEL AIR | H19: 91480 | I19: VARENNES-JARCY
A20: ALS | C20: 4941A | D20: 15 | E20: 79151301300015 | F20: 09.67.15.12.80 | G20: 7 ROUTE DES PETROLES | H20: 94290 | I20: VILLENEUVE LE ROI
A21: ALSTOM GRID | B21: Convention collective des ouvriers, employés, techniciens et agents de maîtrise des industries métallurgiques, mécaniques et connexes de la région parisienne | C21: 7712Z | D21: 380 | E21: 38919180000728 | F21: 01.64.47.83.42 | G21: 102 AVENUE DE PARIS | H21: 91300 | I21: MASSY
A22: ALSTOM POWER SERVICE | B22: Convention collective des ouvriers, employés, techniciens et agents de maîtrise des industries métallurgiques, mécaniques et connexes de la région parisienne | C22: 2712Z | D22: 1800 | E22: 42421059900090 | F22: 01.49.92.45.14 | G22: 141 RUE RATEAU | H22: 93126 | I22: LA COURNEUVE CEDEX
A23: ALSTOM POWER SYSTEMS | B23: Convention collective nationale des ingénieurs et cadres de la métallurgie | C23: 7112A | D23: 297 | E23: 38919203000192 | F23: 01.60.13.21.34 | G23: 14, RUE JEAN BART | H23: 91300 | I23: MASSY
A24: AlterNative Logistique | C24: 7112B | D24: 2 | E24: 45345041300019 | F24: 01.30.18.04.64 | G24: 11 CHEMIN DES GLIRETTES | H24: 95500 | I24: LE THILLAY
A25: ANUBIS INTERNATIONAL | C25: 5210B | D25: 8 | E25: 40133867800063 | F25: 01.49.19.59.60 | G25: 2 RUE VOYELLES | H25: 95706 | I25: ROISSY CDG
A26: APPRO SERVICE | C26: 9603Z | D26: 10 | E26: 47884866600010 | F26: 02.54.81.47.60 | G26: ZA Euro Val de Loire | H26: 41330 | I26: FOSSE
A27: APTAR FRANCE SAS | B27: Convention collective nationale de la plasturgie | C27: 0240Z | D27: 1681 | E27: 55208173900047 | F27: 02.32.24.84.84 | G27: SITE DE NEUBOURG | H27: 27110 | I27: LE NEUBOURG
A28: APX | C28: 2222Z | D28: 1400 | F28: 01.58.91.62.32 | G28: 21 rue des Cévennes | H28: 94633 | I28: RUNGIS CÉDEX
A29: AREVA NP | B29: Convention collective des ouvriers, employés, techniciens et agents de maîtrise des industries métallurgiques, mécaniques et connexes de la région parisienne | C29: 9511Z | D29: 2118 | E29: 42876450000016 | F29: 01.34.96.91.80 | G29: 1 PLACE JEAN MILLER | H29: 92084 | I29: PARIS LA DEFENSE
A30: ARMARA | C30: 2446Z | D30: 49 | E30: 48989337000010 | F30: 01.41.80.88.84 | G30: 1 RUE DE ROUEN | H30: 94619 | I30: RUNGIS CEDEX
A31: ARMOR SA | C31: 4638A | D31: 480 | E31: 85780069200090 | F31: 02.51.79.48.94 | G31: 7 RUE PELISSIERE | H31: 44118 | I31: LA CHEVROLIERE
A32: ARTISANAT SEL | C32: 3299Z | D32: 12 | E32: 38253779300020 | F32: 02.38.89.21.00 | G32: BP 21002 | H32: 45701 | I32: VILLEMANDEUR CEDEX | J32: Monsieur | K32: TURQUAIS | L32: Yves
A33: AS TRANSPORTS | B33: Convention collective nationale des transports routiers et activités auxiliaires du transport | C33: 9499Z | D33: 10 | E33: 49456455200029 | F33: 03.20.29.29.34 | G33: 16 RUE DU ROUGE BOUTON | H33: 59113 | I33: SECLIN | J33: Monsieur | K33: LAURENT | L33: Sébastien
A34: ASIKA TRANSPORT | C34: 4941A | D34: 4 | E34: 52087451200012 | G34: 13 RUE BERANGLIERS | H34: 77500 | I34: CHELLES
A35: ASSOCIATED TRANSPORTS | B35: Convention collective nationale des transports routiers et activités auxiliaires du transport | C35: 4941B | D35: 17 | E35: 34031661100037 | F35: 01.48.16.79.78 | G35: 10 RUE DU PAVE | H35: 95721 | I35: ROISSY CDG CEDEX
A36: ASSOCIATION AGENCE DU DON EN NATURE | C36: 5229B | D36: 6 | E36: 50894504500021 | F36: 01.76.21.10.53 | G36: 35 AVENUE D'EYLAU | H36: 75116 | I36: PARIS
A37: ATC | C37: 9499Z | D37: 65 | E37: 39137361000032 | F37: 02.99.69.29.00 | G37: LA HERBETAIS | H37: 35520 | I37: LA MEZIERE
A38: AUGEREAU | C38: 4941A | D38: 1 | E38: 40533476400017 | F38: 05.49.42.61.17 | G38: 1 RUE DE LA TOMBE A LAURENT | H38: 86340 | I38: NIEUIL L ESPOIR | J38: Monsieur | K38: AUGEREAU | L38: Thierry
A39: AUTO 24 | C39: 4312A | D39: 18 | E39: 40078509300065 | F39: 02.99.27.27.27 | G39: 46 RUE DE LA RIOURDIERE | H39: 35513 | I39: CESSON SEVIGNE
A40: Autocars Paris Europe Travel | C40: 4520A | D40: 10 | E40: 50742350700023 | F40: 01.39.92.02.77 | G40: 5 RUE RENE VILLEMER | H40: 95500 | I40: LE THILLAY
A41: B7 BUS | C41: 4939B | D41: 9 | E41: 53172971300028 | F41: 01.30.18.96.30 | G41: 10 RUE ROBERT MOINON | H41: 95190 | I41: GOUSSAINVILLE
A42: BALLAN POIDS LOURDS AUTOCARS | B42: Convention collective nationale des services de l'automobile | C42: 4519Z | D42: 6 | E42: 44527965600018 | F42: 02.47.53.26.97 | G42: 1 B rue de Bois Gibert | H42: 37510 | I42: BALLAN MIRE | J42: Monsieur | K42: BONNEAU | L42: Régis
A43: BARRE FRERE | B43: Convention collective nationale des distributeurs conseils hors domicile | C43: 4520A | D43: 19 | E43: 42091257800010 | F43: 02.99.34.93.55 | G43: LA NOE | H43: 35330 | I43: MAURE DE BRETAGNE
A44: BATI CONCEPT T.P. | C44: 4634Z | E44: 53215458000015 | F44: 09.83.80.17.76 | G44: 43 BIS RUE WALDECK ROUSSEAU | H44: 93600 | I44: AULNAY SOUS BOIS | J44: Monsieur | K44: ARIS
A45: BERNARD CONTROLS | B45: Convention collective des ouvriers, employés, techniciens et agents de maîtrise des industries métallurgiques, mécaniques et connexes de la région parisienne | C45: 4312A | D45: 140 | E45: 61204014700037 | F45: 01.34.07.71.00 | G45: 4 RUE DE ARSONVAL | H45: 95500 | I45: GONESSE
A46: BERRY V.I. S.A. | B46: Convention collective nationale des services de l'automobile | C46: 2711Z | D46: 37 | E46: 45140723300019 | F46: 02.48.20.37.20 | G46: PEAGE A71 | H46: 18001 | I46: BOURGES
A47: BERRY VEHICULES INDUSTRIELS SE | B47: Convention collective nationale des services de l'automobile | C47: 4520B | D47: 8 | E47: 45140723300027 | F47: 02.48.71.16.61 | G47: 91/96 AV DE CHAILLOT | H47: 18100 | I47: VIERZON
A48: BERTO IDF NORD | C48: 4511Z | D48: 20 | E48: 45264702700047 | F48: 01.39.09.91.12 | G48: 36 - 38 AVENUE DU GROS CHENE | H48: 95617 | I48: CERGY PONTOISE
A49: BIGOT AUTOMOBILES CHATEAUDUN | B49: Convention collective nationale des services de l'automobile | C49: 4941C | D49: 35 | E49: 80622040600011 | F49: 02.37.45.10.87 | G49: 91 Boulevard Kellermann | H49: 28200 | I49: CHATEAUDUN
A50: BIGOT AUTOMOBILES VENDOME SA | B50: Convention collective nationale des services de l'automobile | C50: 4511Z | D50: 36 | E50: 59611059300016 | F50: 02.54.89.10.10 | G50: 71 route de Paris | H50: 41100 | I50: SAINT OUEN
A51: BIOTRANS | B51: Convention collective nationale des transports routiers et activités auxiliaires du transport | C51: 4511Z | D51: 217 | E51: 43525643300010 | F51: 01.49.71.29.29 | G51: 1 BIS VILLA CHARLES | H51: 93800 | I51: EPINAY SUR SEINE
A52: BLOIS VEHICULES INDUSTRIELS S.A. | B52: Convention collective nationale des services de l'automobile | C52: 4941A | D52: 35 | E52: 40357117700019 | F52: 02.54.56.32.32 | G52: Route de Châteaudun | H52: 41913 | I52: BLOIS
A53: BOISSEAU ETS | B53: Commerce, Locaton et réparaton de tracteurs, matériels agricoles | C53: 4511Z | D53: 8 | E53: 78007705300020 | F53: 02.47.56.10.67 | G53: 2 rue Rabelais | H53: 37380 | I53: MONNAIE | J53: Monsieur | K53: BOISSEAU | L53: Arnaud
A54: BOSCH | C54: 4520B | E54: 57206768400165 | F54: 04.82.91.48.69 | G54: 41 - 47 BOULEVARD MARCEL SEMBAT | H54: 69200 | I54: VENISSIEUX
A55: BOUYGUES TELECOM | B55: Convention collective nationale applicable au personnel des bureaux d'études techniques, des cabinets d'ingénieurs-conseils et des sociétés de conseils | C55: 2932Z | D55: 9000 | E55: 39748093003464 | F55: 01.39.26.86.09 | G55: 13 RUE AVENUE MARECHAL JUIN | H55: 92366 | I55: MEUDON CEDEX
A56: BOYENVAL VAN-PEER | B56: Convention collective nationale des employés, techniciens et agents de maîtrise du négoce des matériaux de construction | C56: 6120Z | D56: 20 | E56: 41317806200050 | F56: 03.20.22.75.40 | G56: CHEMIN DU HALAGE | H56: 59272 | I56: DON
A57: BRET SERVICES | C57: 4673A | D57: 60 | E57: 43251003000021 | F57: 02.99.39.73.73 | G57: ZA LA MOTTAIS | H57: 35140 | I57: SAINT AUBIN DU CORMIER
A58: BRICO DEPOT | C58: 8299Z | D58: 7872 | E58: 45164790300017 | F58: 01.69.63.05.00 | G58: 30-32 RUE DE LA TOURELLE | H58: 91310 | I58: LONGPONT SUR ORGE
A59: BRUNAUD ET FILS S.A. | B59: Convention collective nationale des services de l'automobile | C59: 4752B | D59: 42 | E59: 64372065900025 | F59: 02.48.27.90.00 | G59: 971 Route d'Orléans | H59: 18230 | I59: SAINT DOULCHARD
A60: BRUNEAU PEGORIER CATERING | C60: 4519Z | D60: 450 | E60: 57212937700071 | F60: 01.48.16.22.00 | G60: 15 RUE DE LA GRANDE BORNE | H60: 77990 | I60: LE MESNIL AMELOT
A61: BSB TRANSPORT | C61: 5629A | D61: 47 | E61: 51956043700013 | F61: 01.64.04.01.36 | G61: 12 RUE DE CHAUMES | H61: 77220 | I61: LIVERDY EN BRIE
A62: BSH | B62: Convention collective des ouvriers, employés, techniciens et agents de maîtrise des industries métallurgiques, mécaniques et connexes de la région parisienne | C62: 4941B | D62: 136 | E62: 34191179000044 | F62: 01.49.48.30.63 | G62: 50 rue des Ardoins | H62: 93400 | I62: SAINT OUEN | J62: Monsieur | K62: MAUGENDRE PHILIPPE
A63: BSH | C63: 9522Z | D63: 136 | E63: 34191179000044 | F63: 01.49.48.30.63 | G63: 50 rue des Ardoins | H63: 93400 | I63: SAINT OUEN
A64: BSH ELECTROMENAGER | B64: Convention collective nationale des ingénieurs et cadres de la métallurgie | C64: 9522Z | D64: 98 | E64: 34191179000085 | F64: 01.64.25.04.04 | G64: ZAC DU CLOSEAU | H64: 77220 | I64: TOURNAN EN BRIE
A65: BURBAN PALETTES RECYCLAGES | B65: Convention collective nationale du travail mécanique du bois, des scieries, du négoce et de l'importation des bois | C65: 5210B | D65: 250 | E65: 38293141800034 | F65: 02.38.74.77.77 | G65: rue de Monbary | H65: 45140 | I65: ORMES | J65: Monsieur | K65: BURBAN | L65: Didier
A66: C&A | B66: Convention collective nationale des maisons à succursales de vente au détail d'habillement | C66: 1624Z | D66: 170 | E66: 66205127500649 | F66: 01.64.30.83.36 | G66: 8 AVENUE DE LA COURTILLIERE | H66: 77400 | I66: SAINT THIBAULT DES VIGNES
A67: CACHE CACHE SA | C67: 5210B | D67: 203 | E67: 38245605100095 | F67: 02.99.19.98.98 | G67: 10 Impasse du grand jardin | H67: 35400 | I67: SAINT MALO
A68: CAILLAU SARL | B68: Convention collective des industries métallurgiques du Loiret | C68: 4771Z | D68: 22 | E68: 55207574900085 | F68: 02.38.64.83.00 | G68: rue Denis Papin | H68: 45240 | I68: LA FERTE SAINT AUBIN
A69: CALBERSON ILE DE FRANCE | B69: Convention collective nationale des transports routiers et activités auxiliaires du transport | C69: 2599A | D69: 255 | E69: 39319387500027 | F69: 01.46.85.80.27 | G69: 7/9 Route des Mercières | H69: 92233 | I69: GENNEVILLIERS
A70: CALBERSON PARIS EUROPE | B70: Convention collective nationale des transports routiers et activités auxiliaires du transport | C70: 5229A | D70: 400 | E70: 50137858200024 | F70: 01.34.53.15.08 | G70: ZAC DE MONTJAY | H70: 95500 | I70: GONESSE
A71: CALDEO | B71: Convention collective nationale des entreprises du négoce et de distribution de combustibles solides, liquides, gazeux et produits pétroliers | C71: 5229A | D71: 360 | E71: 8608039701026 | F71: 01.47.10.10.65 | G71: 15 RUE LAVOISIER | H71: 92023 | I71: NANTERRE CEDEX
A72: CAMECA | B72: Convention collective des ouvriers, employés, techniciens et agents de maîtrise des industries métallurgiques, mécaniques et connexes de la région parisienne | C72: 4671Z | D72: 178 | E72: 40309221600031 | F72: 01.43.34.62.52 | G72: 29 QUAI DES GRESILLONS | H72: 92622 | I72: GENNEVILLIERS CEDEX
A73: CANON BRETAGNE | C73: 2651B | D73: 700 | E73: 32799177400032 | F73: 02.99.23.51.11 | G73: Les Landes de Beaugé | H73: 35340 | I73: LIFFRE
A74: CANON FRANCE NORD OUEST | B74: Convention collective des ouvriers, employés, techniciens et agents de maîtrise des industries métallurgiques, mécaniques et connexes de la région parisienne | C74: 2823Z | D74: 63 | E74: 44112644800022 | F74: 03.28.55.14.00 | G74: Rue de l'Epinoy | H74: 59175 | I74: TEMPLEMARS
A75: CAPTELEC | C75: 4665Z | E75: 53498092500018 | F75: 32037702 | G75: 18 AVENUE DU MARÉCHAL FOCH | H75: 59420 | I75: MOUVAUX
A76: CARGILL HAUBOURDIN SAS | B76: Convention collective nationale des industries chimiques et connexes | C76: 3299Z | D76: 350 | E76: 31758690700022 | F76: 03.20.44.35.05 | G76: 7 rue du maréchal joffre | H76: 59482 | I76: HAUBOURDIN | J76: Monsieur | K76: BAILLEUL
A77: CARREFOUR | C77: 1062Z | D77: 470 | E77: 45132133501013 | F77: 01.48.35.63.79 | G77: 80 rue Saint Stenay | H77: 93700 | I77: DRANCY
A78: CARRIER REFRIGERATION OPERATION FRANCE | B78: Convention collective des ouvriers, employés, techniciens et agents de maîtrise des industries métallurgiques, mécaniques et connexes de la région parisienne | C78: 4711F | D78: 164 | E78: 40539876900019 | F78: 02.54.95.40.40 | G78: RUE DE SAINT MARC | H78: 41200 | I78: ROMORANTIN-LANTHENAY
A79: CARS SAINT LAURENT | B79: Convention collective nationale des transports routiers et activités auxiliaires du transport | C79: 2825Z | D79: 45 | E79: 40975020500034 | F79: 02.54.23.64.00 | G79: ZA de la Garenne | H79: 41100 | I79: SAINT FIRMIN DES PRES | J79: Monsieur | K79: SAINT LAURENT | L79: Patrick
A80: CARS SIMPLON | B80: Convention collective nationale des transports routiers et activités auxiliaires du transport | C80: 4939A | D80: 165 | E80: 31208315700015 | F80: 02.54.82.41.33 | G80: 39 Avenue de la Libération | H80: 41240 | I80: OUZOUER LE MARCHE
A81: CARTONNERIE DE MAUREPAS | C81: 4939A | D81: 45 | E81: 58920010400026 | F81: 02.99.13.16.00 | G81: ZA LA BOURDONNAIS | H81: 35520 | I81: LA MEZIERE
A82: CAT LC FRANCE | B82: Convention collective nationale des transports routiers et activités auxiliaires du transport | C82: 1721B | D82: 110 | E82: 44025371400149 | F82: 01.40.85.25.25 | G82: 97 RUE DU MOULIN DE CAGE | H82: 92230 | I82: GENNEVILLIERS
A83: CATS | C83: 5229B | D83: 15 | E83: 35249564200022 | F83: 01.69.07.08.24 | G83: 19 avenue de Norvège | H83: 91959 | I83: COURTABOEUF CEDEX
A84: CENTRE LOIRE POIDS LOURDS - MAN | B84: Convention collective nationale des services de l'automobile | C84: 4652Z | D84: 11 | E84: 49980899600015 | F84: 02.38.75.34.54 | G84: 113 Route Nationale 20 | H84: 45520 | I84: CERCOTTES
A85: CEOBUS | B85: Convention collective nationale des transports routiers et activités auxiliaires du transport | C85: 4519Z | D85: 4 | E85: 43835200700019 | F85: 01.34.42.72.74 | G85: 35 RUE DES FOSSETTES | H85: 95650 | I85: GENICOURT
A86: CEVI CHATEAUROUX | B86: Convention collective nationale des services de l'automobile | C86: 4939A | D86: 18 | E86: 32196970100010 | F86: 02.54.22.43.10 | G86: 34 avenue d'Occitanie | H86: 36250 | I86: SAINT MAUR
A87: CEVI SA | B87: Convention collective nationale des services de l'automobile | C87: 4520A | D87: 48 | E87: 40117225900012 | F87: 02.47.80.75.00 | G87: 33 Avenue du Grand Sud | H87: 37172 | I87: CHAMBRAY LES TOURS
A88: CEVI SAS | B88: Convention collective nationale des services de l'automobile | C88: 4511Z | D88: 7 | E88: 40117225900020 | F88: 02.47.40.22.40 | G88: ZA Papillon | H88: 37210 | I88: PARCAY MESLAY
A89: CFM TOYOTA | C89: 4520A | D89: 121 | E89: 9727103500053 | G89: 31 AVENUE DU GROS CHÊNE | H89: 95617 | I89: CERGY PONTOISE
A90: CG COURSES | C90: 4669B | E90: 38287071500028 | G90: 52 RUE D'EMERAINVILLE | H90: 77183 | I90: CROISSY BEAUBOURG
A91: CHAPON | C91: 5229B | D91: 13 | E91: 40339163400033 | F91: 01.64.72.04.05 | G91: 2 RUE DU VALENGELIER | H91: 77500 | I91: CHELLES
A92: CHARBONNIER SA | B92: Convention collective nationale des transports routiers et activités auxiliaires du transport | C92: 1082Z | D92: 83 | E92: 44718014200039 | F92: 02.54.94.12.50 | G92: Route de Blois ZI de la Grange | H92: 41200 | I92: ROMORANTIN LANTHENAY | J92: Monsieur | K92: CHARBONNIER
A93: CHARTRES POIDS LOURDS S.A | B93: Convention collective nationale des services de l'automobile | C93: 4941A | D93: 51 | E93: 80722005800026 | F93: 02.37.34.35.36 | G93: Avenue du Docteur Laënnec | H93: 28000 | I93: CHARTRES
A94: CHARTRES V.I. - SCANIA | B94: Convention collective nationale des services de l'automobile | C94: 4519Z | D94: 7 | E94: 38882427800013 | F94: 02.37.31.90.66 | G94: ZA Bois Paris | H94: 28630 | I94: NOGENT LE PHAYE
A95: CHATEAUROUX POIDS LOURDS | B95: Convention collective nationale des services de l'automobile | C95: 4520B | D95: 46 | E95: 33461011000010 | F95: 02.54.60.22.80 | G95: Cap Sud | H95: 36250 | I95: SAINT MAUR
A96: CHAVIGNY | B96: Convention collective nationale des transports routiers et activités auxiliaires du transport | C96: 4511Z | D96: 135 | E96: 59612017000037 | F96: 02.54.77.32.86 | G96: 3 RUE DE LA VALLÉE DU LOIR | H96: 41310 | I96: SAINT-AMAND-LONGPRE | J96: Monsieur | K96: CHAVIGNY
A97: CHAVIGNY S.A. | C97: 4941A | D97: 489 | E97: 59612017000011 | F97: 02.54.77.26.28 | G97: 74 route de Paris | H97: 41100 | I97: SAINT OUEN
A98: CHIMIREC | B98: Convention collective des industries et du commerce de la récupération | C98: 4673A | D98: 77 | E98: 31018842000080 | F98: 01.49.92.97.78 | G98: 3 RUE DE LA LUZENIERE | H98: 93440 | I98: DUGNY
A99: CHRISTIAN DIOR COUTURE | B99: Convention collective de la couture parisienne | C99: 3812Z | D99: 1000 | E99: 61203583200049 | F99: 01.40.73.54.44 | G99: 11 BIS RUE FRANCOIS 1ER | H99: 75008 | I99: PARIS 8E
A100: CHRONOPOST | B100: Convention collective nationale des transports routiers et activités auxiliaires du transport | C100: 1413Z | D100: 3500 | E100: 38396013500580 | F100: 01.41.84.47.16 | G100: 9 rue du Haut de Laval | H100: 95707 | I100: ROISSY CDG | J100: Madame | K100: MARQUANT | L100: Karine
...

Sheet Feuil3
